[Event "Team 45 45 League T29"]
[Site "Free Internet Chess Server"]
[Date "2005.12.23"]
[Round "2"]
[White "Berke"]
[Black "tjraczko"]
[Result "1-0"]
[WhiteElo "1492"]
[BlackElo "1555"]
[TimeControl "2700+45"]

1. d4 d5 2. Nf3 Nf6 3. c4 dxc4 4. Nc3 c5 5. Qa4+ Bd7 6. Qxc4 e6 7. dxc5 Nc6 8. Bg5 Be7 9. e3 O-O 10. Bd3 Nh5 11. Bxe7 Qxe7 12. b4 b5 13. Qe4 Nf6 14. Qh4 h6 15. O-O a6 16. a3 Rfe8 17. Rad1 e5 18. e4 Bg4 19. Be2 Bxf3 20. Bxf3 Nd4 21. Qg3 Qe6 22. Nd5 Rac8 23. Kh1 Nc2 24. Rd3 Nd4 25. Rfd1 Nxf3 26. gxf3 Nh5 27. Qh4 Nf6 28. Rg1 Kh7 29. Nxf6+ Qxf6 30. Qxf6 gxf6 31. Rd6 Re6 32. Rgd1 Rce8 33. Rxe6 Rxe6 34. Rd6   {Black resigns} 1-0

[Event "Team 45 45 League T29"]
[Site "Free Internet Chess Server"]
[Date "2005.12.22"]
[Round "2"]
[White "couv"]
[Black "Aul"]
[Result "0-1"]
[WhiteElo "1546"]
[BlackElo "1565"]
[TimeControl "2700+45"]

1. e4 g6 2. d4 d6 3. Nf3 Bg7 4. Bc4 e6 5. Bg5 Ne7 6. c3 h6 7. Bh4 a6 8. Nbd2 b5 9. Bb3 Bb7 10. d5 g5 11. dxe6 gxh4 12. exf7+ Kf8 13. Nxh4 Nd7 14. Be6 Nc5 15. Bg4 Kxf7 16. Bh5+ Kg8 17. O-O Bxe4 18. Nxe4 Nxe4 19. Bf3 d5 20. Bxe4 dxe4 21. Qb3+ Qd5 22. Qc2 Nf5 23. Rfd1 Qe6 24. Nxf5 Qxf5 25. Qb3+ Kh7 26. Rd5 Qf6 27. Rad1 Rhf8 28. Qc2 Qg6 29. Rd7 c6 30. R1d6 Qf5 31. Rc7 e3 32. Qxf5+ Rxf5 33. fxe3 Raf8 34. h3 Rf1+ 35. Kh2 Kh8 36. Rxg7 Kxg7 37. Rxc6 R8f6 38. Rxf6 Kxf6 39. Kg3 h5 40. h4 Kf5 41. b3 Ke4 42. c4 bxc4 43. bxc4 Rc1 44. Kh3 Kxe3 45. g4 Kf3   {White resigns} 0-1

[Event "Team 45 45 League T29"]
[Site "Free Internet Chess Server"]
[Date "2005.12.27"]
[Round "2"]
[White "alfreale"]
[Black "Lamtarra"]
[Result "1-0"]
[WhiteElo "1585"]
[BlackElo "1602"]
[TimeControl "2700+45"]

1. e4 d6 2. d4 Nf6 3. Nc3 g6 4. Nf3 Bg7 5. Bc4 O-O 6. O-O Nbd7 7. Bg5 c5 8. e5 cxd4 9. exf6 Bxf6 10. Ne4 Ne5 11. Nxe5 dxe5 12. c3 Bf5 13. Nxf6+ exf6 14. Bd2 e4 15. cxd4 Qxd4 16. b3 Rfd8 17. Be3 Qe5 18. Qe2 Be6 19. Bxe6 fxe6 20. Rad1 f5 21. Rxd8+ Rxd8 22. Rd1 Rxd1+ 23. Qxd1 b6 24. Qd8+ Kf7 25. Qd7+ Kg8 26. Bd4   {Black resigns} 1-0

[Event "Team 45 45 League T29"]
[Site "Free Internet Chess Server"]
[Date "2005.12.30"]
[Round "2"]
[White "reijo"]
[Black "Dreadtower"]
[Result "1-0"]
[WhiteElo "1511"]
[BlackElo "1414"]
[TimeControl "2700+45"]

1. d4 Nf6 2. c4 e6 3. Nc3 Bb4 4. Qc2 b6 5. a3 Bxc3+ 6. Qxc3 Bb7 7. Bg5 O-O 8. e3 Ne4 9. Bxd8 Nxc3 10. Bxc7 Ne4 11. f3 Na6 12. Bf4 Nf6 13. Bd3 Nh5 14. Bd6 Rfe8 15. Ne2 Rac8 16. Nf4 Rc6 17. Be4 Rxd6 18. Bxb7 Nxf4 19. exf4 Nb8 20. Rd1 Nc6 21. c5 Rxd4 22. Rxd4 Nxd4 23. cxb6 axb6 24. O-O Nf5 25. Rd1 d5 26. Rc1 Nd6 27. Ba6 Ra8 28. Bd3 Rc8 29. Rxc8+ Nxc8 30. Kf2 d4 31. Ke2 Nd6 32. Ba6 Nf5 33. b4 Kf8 34. a4 f6 35. a5 bxa5 36. bxa5 e5 37. g3 Ke7 38. Bd3 g6 39. a6 h5 40. a7 h4 41. Bxf5 gxf5 42. a8=Q hxg3 43. hxg3 Ke6 44. Kd3   {Black resigns} 1-0

[Event "Team 45 45 League T29"]
[Site "Free Internet Chess Server"]
[Date "2005.12.23"]
[Round "2"]
[White "nasmichael"]
[Black "SandiaF"]
[Result "0-1"]
[WhiteElo "1297"]
[BlackElo "1398"]
[TimeControl "2700+45"]

1. d4 Nf6 2. Nf3 d5 3. Nbd2 Bf5 4. c4 c6 5. b3 e6 6. a3 Bd6 7. e3 Nbd7 8. Be2 O-O 9. h3 e5 10. Nh2 Qc7 11. Bb2 e4 12. Nhf1 Rfe8 13. Qc2 Nf8 14. g4 Be6 15. O-O-O N6d7 16. f4 exf3 17. Nxf3 f6 18. N1d2 Bf7 19. Rde1 Rxe3 20. Bd3 Rxe1+ 21. Nxe1 c5 22. h4 cxd4 23. Nef3 Ne5 24. Nxd4 Nxg4 25. Nb5 Qd7 26. Nxd6 Qxd6 27. Nb1 Bg6 28. Bxg6 Nxg6 29. Bd4 Qf4+ 30. Qd2 Qxd2+ 31. Nxd2 dxc4 32. Nxc4 b5 33. Nd6 a6 34. h5 Nf4 35. Kb2 Rd8 36. Bc5 Nd3+   {White resigns} 0-1

[Event "Team 45 45 League T29"]
[Site "Free Internet Chess Server"]
[Date "2005.12.26"]
[Round "2"]
[White "zandree"]
[Black "jerryrab"]
[Result "0-1"]
[WhiteElo "1294"]
[BlackElo "1304"]
[TimeControl "2700+45"]

1. e4 Nf6 2. e5 Nd5 3. Bc4 c6 4. Nf3 d6 5. Ng5 Nd7 6. Qf3 Nxe5 7. Bxd5 Nxf3+ 8. Bxf3 Bf5 9. Bh5 g6 10. Bf3 Bxc2 11. b3 Bd3 12. Bb2 f6 13. Ne4 Qb6 14. Nbc3 Qd4 15. O-O-O Bg7 16. Rhe1 f5 17. Nb5 Qxb2#   {White checkmated} 0-1

[Event "Team 45 45 League T29"]
[Site "Free Internet Chess Server"]
[Date "2005.12.29"]
[Round "2"]
[White "rgadoury"]
[Black "fidelian"]
[Result "1-0"]
[WhiteElo "1405"]
[BlackElo "1450"]
[TimeControl "2700+45"]

1. d4 d5 2. g3 Nc6 3. e3 Nf6 4. Bg2 Bg4 5. Bf3 Bxf3 6. Nxf3 e6 7. a3 Bd6 8. O-O Ne4 9. c3 Qf6 10. Nbd2 h5 11. h4 Ne7 12. Nxe4 dxe4 13. Nd2 Qf5 14. Kg2 Rg8 15. Qc2 g5 16. Qxe4 gxh4 17. Qxf5 Nxf5 18. e4 Nh6 19. Nf3 hxg3 20. Bxh6 gxf2+ 21. Kxf2 O-O-O 22. Rg1 Rh8 23. Bg7 Rh7 24. Bf6 Rd7 25. Rg8+   {Black resigns} 1-0

[Event "Team 45 45 League T29"]
[Site "Free Internet Chess Server"]
[Date "2005.12.28"]
[Round "2"]
[White "UIPawn"]
[Black "Kamalleo"]
[Result "0-1"]
[WhiteElo "1201"]
[BlackElo "1259"]
[TimeControl "2700+45"]

1. d3 d5 2. e3 c5 3. Nf3 Nf6 4. Nc3 e6 5. Be2 Bd6 6. d4 Nbd7 7. Bb5 a6 8. Be2 O-O 9. Bd3 c4 10. Be2 Nb6 11. b3 Bb4 12. Bd2 Re8 13. O-O Bd6 14. Ne5 Qc7 15. Qc1 Bxe5 16. dxe5 Qxe5 17. Bf3 Rd8 18. Re1 Qd6 19. a3 e5 20. a4 Bg4 21. Qd1 e4 22. a5 exf3 23. gxf3 Bh3 24. Ne2 Nbd7 25. Bc3 Qe6 26. Kh1 Nc5 27. Nf4 Qf5 28. Nxh3 Qxh3 29. Bxf6 gxf6 30. Rg1+ Kf8 31. Rg3 Qf5 32. Rc1 Ne6 33. b4 d4 34. e4 Qb5 35. Rb1 Nf4 36. Qd2 Nh5 37. Qh6+ Ke7 38. Rh3 Nf4 39. Qxf4 Rg8 40. Qc7+ Ke6 41. Qf4 c3 42. Qc1 Qe2 43. Qf1 Qxc2 44. Rxh7 d3 45. Rd1 Rgd8 46. f4 Rac8 47. Rh3 d2 48. Re3 Qb2 49. b5 c2 50. Kg2 c1=Q 51. Rxc1 Rxc1 52. f5+ Ke5 53. Qe2 Rg8+ 54. Rg3 Rd8 55. f4+ Kd6 56. e5+ Kc5 57. Qe3+ Kxb5 58. Qe2+ Kxa5 59. e6 Qb1 60. Ra3+ Kb4 61. Re3 Rg1+ 62. Kh3 d1=Q 63. Re4+ Kc5 64. Qe3+ Qd4 65. Rxd4 Rxd4 66. Qa3+ Qb4 67. Qe3 Re1 68. Qf2 fxe6 69. Qc2+ Rc4 70. Qf2+ Kb5 71. fxe6 Rxe6 72. Kg4 Re8 73. h4 Rg8+ 74. Kf5 Rc5+ 75. Kxf6 Rc6+ 76. Kf7 Qf8#   {White checkmated} 0-1

[Event "Team 45 45 League T29"]
[Site "Free Internet Chess Server"]
[Date "2005.12.27"]
[Round "2"]
[White "blkmagic"]
[Black "hakerav"]
[Result "1/2-1/2"]
[WhiteElo "1121"]
[BlackElo "1100"]
[TimeControl "2700+45"]

1. e4 e5 2. Nf3 Nc6 3. Bc4 Nf6 4. d3 h6 5. O-O d5 6. exd5 Nxd5 7. a3 Be6 8. Nc3 Nxc3 9. bxc3 Bxc4 10. dxc4 Qxd1 11. Rxd1 Bd6 12. Be3 O-O 13. c5 Be7 14. Rd7 Rac8 15. Nxe5 Rfd8 16. Rad1 Nxe5 17. Rxd8+ Rxd8 18. Rb1 Nc4 19. Bd4 b6 20. cxb6 cxb6 21. a4 Bc5 22. Bxc5 bxc5 23. h3 Na3 24. Rb7 Nxc2 25. Rxa7 Rd3 26. a5 Rxc3 27. Ra8+ Kh7 28. a6 Nb4 29. f3 Ra3 30. a7 Nc6 31. Rc8 Nxa7 32. Rxc5 f6 33. f4 Ra6 34. f5 Nc6 35. g4 Nd4 36. Kf2 g6 37. Rc7+ Kg8 38. Rc8+ Kf7 39. Rc7+ Kg8 40. Rc8+ Kf7 41. Rc7+ Ke8 42. fxg6 Kf8 43. Rh7 Kg8 44. Ke3 Ra4 45. Ke4 Ne6+ 46. Kf5 Ng5 47. Rxh6 Kg7 48. Rh5 Ra5+ 49. Kf4 Kxg6 50. Rh8 Ra4+ 51. Kg3 Ra7 52. h4 Nf7 53. h5+ Kg5 54. Rg8+ Kh6 55. Rg6+ Kh7 56. Rxf6 Kg7 57. Rg6+ Kh7 58. Kf4 Ra4+ 59. Kg3 Ne5 60. Rg5 Ra3+ 61. Kf4   {Game drawn by mutual agreement} 1/2-1/2

[Event "Team 45 45 League T29"]
[Site "Free Internet Chess Server"]
[Date "PST.01.0"]
[Round "2"]
[White "SerhiyFranchuk"]
[Black "uiknight"]
[Result "1-0"]
[WhiteElo "2028"]
[BlackElo "1968"]
[TimeControl "2700+45"]

1. e4 c5 2. Nf3 Nc6 3. d4 cxd4 4. Nxd4 Nf6 5. Nc3 e5 6. Nxc6 bxc6 7. Bg5 h6 8. Bh4 Rb8 9. Bc4 Rxb2 10. O-O Rb4 11. Qd3 Be7 12. a3 Rb6 13. Na4 Rb8 14. Bxf6 Bxf6 15. Qd6 Ra8 16. Rab1 Qe7 17. Qd3 O-O 18. Rfd1 Rd8 19. Rb4 d6 20. Rdb1 Be6 21. Ba6 Qc7 22. Bb7 c5 23. R4b2 c4 24. Qe3 Rab8 25. Qxa7 Ra8 26. Qxa8 Rxa8 27. Bxa8 Qa5 28. Rb8+ Kh7 29. R1b4 Bd7 30. Bd5 Bxa4 31. Ra8 Qc5 32. Raxa4 Qd4 33. g3 Qd1+ 34. Kg2 c3 35. Rb7 Qxc2 36. Rc4 Bg5 37. Rxf7 Kg6 38. h4 Bf6 39. Rfc7 Qe2 40. Rxc3 h5 41. Rf3 Kh6 42. Rc8 Kh7 43. a4 Qa6 44. Ra8 Qb6 45. a5 Qc7 46. a6 Bd8 47. a7   {Black resigns} 1-0

[Event "Team 45 45 League T29"]
[Site "Free Internet Chess Server"]
[Date "2005.12.27"]
[Round "2"]
[White "MFalme"]
[Black "javamanissa"]
[Result "0-1"]
[WhiteElo "1521"]
[BlackElo "1776"]
[TimeControl "2700+45"]

1. e4 e5 2. d4 exd4 3. Qxd4 Nc6 4. Qd1 Bc5 5. Nc3 d6 6. f4 Nf6 7. Nf3 Ng4 8. Qe2 Bf2+ 9. Kd1 Bc5 10. Ke1 O-O 11. Be3 Nxe3 12. Nd1 Nxf1 13. Rxf1 Bg4 14. c3 Re8 15. h3 Bxf3 16. Rxf3 Qe7 17. a4 Qxe4 18. Qxe4 Rxe4+ 19. Kf1 Rae8 20. g4 Re1+ 21. Kg2 Rg1+ 22. Kh2 Re2+ 23. Nf2 Rxa1   {White resigns} 0-1

[Event "Team 45 45 League T29"]
[Site "Free Internet Chess Server"]
[Date "PST.01.0"]
[Round "2"]
[White "RomaLavrn"]
[Black "ccucina"]
[Result "1-0"]
[WhiteElo "1878"]
[BlackElo "1649"]
[TimeControl "2700+45"]

1. Nf3 Nf6 2. c4 e6 3. Nc3 d5 4. d4 Be7 5. Bg5 h6 6. Bh4 Nc6 7. e3 g5 8. Bg3 Bb4 9. a3 Bxc3+ 10. bxc3 Bd7 11. Bd3 dxc4 12. Bxc4 Ne4 13. Qc2 Nxg3 14. fxg3 g4 15. Nh4 Qg5 16. Qf2 Na5 17. Bd3 Bb5 18. Qe2 Bxd3 19. Qxd3 Rd8 20. O-O O-O 21. Rab1 c5 22. Rb5 b6 23. Qe2 Nb7 24. Rf4 f5 25. e4 Rde8 26. dxc5 Nxc5 27. exf5 exf5 28. Qc4+ Kh8 29. Qd4+ Qf6 30. Ng6+ Kg7 31. Nxf8 Qxd4+ 32. Rxd4 Rxf8 33. Rb1 Rc8 34. Rf1 Rf8 35. Rd5 Kg6 36. Rd6+ Kg7 37. Rd4 Kg6 38. Rdf4 Ne4 39. Rxe4   {Black resigns} 1-0

[Event "Team 45 45 League T29"]
[Site "Free Internet Chess Server"]
[Date "2005.12.30"]
[Round "2"]
[White "sixkiller"]
[Black "phorku"]
[Result "1-0"]
[WhiteElo "1561"]
[BlackElo "1549"]
[TimeControl "2700+45"]

1. e4 d5 2. exd5 Nf6 3. d4 Nxd5 4. c4 Nf6 5. Nf3 Bg4 6. Be2 e6 7. O-O Nc6 8. Be3 Be7 9. Nc3 Qd7 10. h3 Bf5 11. a3 O-O-O 12. b4 Be4 13. Nxe4 Nxe4 14. Qc2 f5 15. b5 Nb8 16. Ne5 Qe8 17. Rfd1 Nd7 18. Nf3 g5 19. Nh2 Ndf6 20. a4 Rg8 21. f3 Ng3 22. Bf2 f4 23. a5 h5 24. b6 cxb6 25. axb6 a6 26. c5 Qc6 27. Bc4 g4 28. Qb3 Nd5 29. hxg4 hxg4 30. Nxg4 Rh8 31. Bxg3 fxg3 32. Ra2 Rh4 33. Rda1 Rdh8 34. Kf1 Kb8 35. Ne5 Qe8 36. Bxd5 Qb5+ 37. Qxb5 Rh1+ 38. Ke2 Rxa1 39. Qb2 Rxa2 40. Bxa2 Rh2 41. Kd3 Rh1 42. Bxe6 Rf1 43. c6 Rf2 44. c7+ Ka8 45. c8=Q#   {Black checkmated} 1-0

[Event "Team 45 45 League T29"]
[Site "Free Internet Chess Server"]
[Date "2005.12.27"]
[Round "2"]
[White "Nemisis"]
[Black "deionsandersson"]
[Result "1-0"]
[WhiteElo "1877"]
[BlackElo "1852"]
[TimeControl "2700+45"]

1. e4 g6 2. d4 d6 3. Nf3 Bg7 4. Bc4 Nf6 5. Nc3 O-O 6. h3 Nxe4 7. Bxf7+ Rxf7 8. Nxe4 h6 9. Ng3 c5 10. O-O cxd4 11. Nxd4 e5 12. Nb5 d5 13. Qd3 e4 14. Qd1 Nc6 15. c3 a6 16. Nd4 Ne5 17. Be3 Qh4 18. Nde2 Bxh3 19. Qxd5 Bxg2 20. Kxg2 Ng4 21. Rh1 Qf6 22. Nf4 g5 23. Nxe4 Qe7 24. Ng6 Qc7 25. Nd6 Rd8 26. Bc5 Rxd6 27. Bxd6 Nf6 28. Bxc7 Nxd5 29. Bg3 Rf5 30. Rae1   {Black resigns} 1-0

[Event "Team 45 45 League T29"]
[Site "Free Internet Chess Server"]
[Date "2005.12.25"]
[Round "2"]
[White "spendius"]
[Black "Rockazb"]
[Result "0-1"]
[WhiteElo "1719"]
[BlackElo "1774"]
[TimeControl "2700+45"]

1. e4 c5 2. Nf3 d6 3. d4 cxd4 4. Nxd4 Nf6 5. Nc3 a6 6. Bc4 Qc7 7. Bb3 e6 8. Be3 Be7 9. f3 b5 10. a3 Nc6 11. Qd2 Ne5 12. O-O-O Nc4 13. Qe2 Nxa3 14. e5 dxe5   {White resigns} 0-1

[Event "Team 45 45 League T29"]
[Site "Free Internet Chess Server"]
[Date "PST.01.0"]
[Round "2"]
[White "vibi"]
[Black "Litovec"]
[Result "0-1"]
[WhiteElo "1716"]
[BlackElo "1705"]
[TimeControl "2700+45"]

1. e4 e5 2. Nf3 Nc6 3. Bb5 Bc5 4. O-O d6 5. Nc3 f5 6. d4 exd4 7. Nxd4 Bxd4 8. Qxd4 Qf6 9. Qa4 Ne7 10. Nd5 Qg6 11. Nxc7+ Kd8 12. Nxa8 fxe4 13. Be3 Bh3 14. g3 Bxf1 15. Kxf1 Qh5 16. Bxa7 Qxh2 17. Re1 Nxa7 18. Qxa7 Qh1+ 19. Ke2 Qf3+ 20. Kd2 Ng6 21. Qb6+ Ke7 22. Qc7+ Ke6 23. Qd7+ Ke5 24. Qxg7+ Kd5 25. c4+ Kc5 26. Qc7+ Kb4 27. a3+ Kb3 28. Re3+ Qxe3+ 29. fxe3 Rxa8 30. Qxb7 Rf8 31. Bc6+ Ka2 32. Kc3 Rf2 33. Qb3+ Ka1 34. Qd1+ Ka2 35. Bxe4 Rxb2 36. Qc1 Rb3+ 37. Kc2 Ne5 38. Bd5 Nd3 39. Qf1 Kxa3 40. c5 Nb4+ 41. Kc1 Rc3+ 42. Kb1 Nxd5 43. Qa6+ Kb4 44. cxd6 Rxe3 45. Qb7+ Kc4 46. d7 Nc3+ 47. Kc1 Re1+ 48. Kd2 Re2+ 49. Kc1 Re1+ 50. Kb2 Rb1+ 51. Kc2 Rxb7 52. d8=Q Nd5 53. Qh4+ Kc5 54. Qe4 Re7 55. Qh4 Kd6 56. Qh6+ Ke5 57. Qg5+ Kd4 58. Qd2+ Kc5 59. Qf2+ Kc4 60. Qf1+ Kc5 61. Qf2+ Kc6 62. g4 Rg7 63. Qd4 Rxg4 64. Qa7 h5 65. Qh7 h4 66. Qh6+ Kc5 67. Qf8+ Kd4 68. Qf3 Rg3 69. Qf2+ Ne3+ 70. Kc1 Ke4 71. Qh2 Rg4 72. Qh3 Kf4 73. Kd2 Ng2 74. Qh2+ Kf3 75. Qh3+ Rg3 76. Qf5+ Nf4 77. Qf6 h3 78. Qc3+ Kg2 79. Qc6+ Rf3 80. Ke1 h2 81. Qc2+ Kg3 82. Qh7 Re3+ 83. Kd1 Kg2 84. Qg7+ Kf1 85. Qh6 Re1+ 86. Kd2 Re2+ 87. Kd1 Rf2 88. Qh4 Kg1 89. Qg3+ Ng2 90. Kc1 h1=Q 91. Qd3 Kh2+ 92. Qd1 Rf1   {White resigns} 0-1

[Event "Team 45 45 League T29"]
[Site "Free Internet Chess Server"]
[Date "PST.01.0"]
[Round "2"]
[White "seberg"]
[Black "twinders"]
[Result "1-0"]
[WhiteElo "1611"]
[BlackElo "1730"]
[TimeControl "2700+45"]

1. e4 c5 2. Nf3 d6 3. d4 cxd4 4. Nxd4 Nf6 5. Nc3 a6 6. Bd3 Qb6 7. Nb3 Nc6 8. Be3 Qc7 9. Na4 Ne5 10. Nb6 Rb8 11. O-O Neg4 12. Bd4 d5 13. f4 dxe4 14. Be2 Bf5 15. h3 Nh6 16. g4 Nhxg4 17. hxg4 Be6 18. Kg2 Rd8 19. Na4 Nd5 20. Qd2 b5 21. Nc3 Nxc3 22. Qxc3 Qxc3 23. Bxc3 Bd5 24. a4 Bc4 25. Bxc4 bxc4 26. Nc5 e6 27. Nxa6 Bd6 28. Nb4 f5 29. g5 Rg8 30. a5 Ra8 31. Nc6 Ra6 32. Ne5 Ke7 33. Nxc4 Bc7 34. Be5 Bxe5 35. Nxe5 Rb8 36. Rfb1 h6 37. b4 hxg5 38. b5 Rd6 39. Nc6+ Kf6 40. Nxb8 Rd2+ 41. Kg3 gxf4+ 42. Kxf4 e5+ 43. Ke3 Rxc2 44. Ra3 Rh2 45. Rbb3 g5 46. Nd7+ Ke6 47. Nc5+ Kd5 48. Nxe4 f4+ 49. Kf3 g4+ 50. Kxg4 Kxe4 51. Rh3 Rg2+ 52. Kh4 Kf5 53. Rag3 fxg3 54. Rxg3 Rh2+ 55. Rh3 Rb2 56. b6 Rb4+ 57. Kg3 Rb5 58. Rh5+ Ke4 59. Rh8 Rxa5 60. b7 Ra3+ 61. Kf2 Ra2+ 62. Ke1 Ra1+ 63. Kd2 Rb1 64. b8=Q Rxb8 65. Rxb8 Kd4 66. Rd8+ Ke4 67. Ke2 Kf5 68. Ke3   {Black resigns} 1-0

[Event "Team 45 45 League T29"]
[Site "Free Internet Chess Server"]
[Date "2005.12.23"]
[Round "2"]
[White "NBZ"]
[Black "Maras"]
[Result "1-0"]
[WhiteElo "1982"]
[BlackElo "2136"]
[TimeControl "2700+45"]

1. d4 Nf6 2. c4 e6 3. Nc3 c5 4. d5 exd5 5. cxd5 Bd6 6. Nf3 O-O 7. g3 Re8 8. Bg2 a6 9. a4 Bc7 10. O-O d6 11. Qc2 Nbd7 12. e4 Nf8 13. Nd2 Rb8 14. f4 b5 15. axb5 axb5 16. Re1 Ng6 17. h3 h5 18. Nf3 c4 19. Nd4 Bd7 20. Be3 Qc8 21. Nc6 Bxc6 22. dxc6 Bb6 23. Bxb6 Rxb6 24. Nd5 Rxc6 25. Nxf6+ gxf6 26. e5 Rb6 27. exf6 Rxe1+ 28. Rxe1 Qc5+ 29. Qf2 Qxf2+ 30. Kxf2 h4 31. Bd5 hxg3+ 32. Kxg3 Rb8 33. h4 c3 34. bxc3 Rc8 35. h5 Nf8 36. Re7 Nh7 37. Rxf7 Rf8 38. Rb7+ Kh8 39. f7 Nf6 40. Bf3 Kg7 41. Rxb5 Rxf7 42. Rg5+ Kh8 43. c4 Rc7 44. Bd5 Nxd5 45. cxd5 Rc3+ 46. Kg4 Rd3 47. Rf5 Kg7 48. h6+ Kg6 49. Rh5 Kh7 50. Kh4 Rd1 51. Kg3 Rg1+ 52. Kf2 Rd1 53. Ke2 Ra1 54. Ke3 Re1+ 55. Kd4 Re8 56. Rh1 Re7 57. Rh3 Re1 58. Re3 Rd1+ 59. Kc4 Rc1+ 60. Kb3 Rc5 61. Re7+ Kh8 62. f5 Kg8 63. f6 Kf8 64. Rg7   {Black resigns} 1-0

[Event "Team 45 45 League T29"]
[Site "Free Internet Chess Server"]
[Date "2005.12.31"]
[Round "2"]
[White "CelticDeath"]
[Black "dzonson"]
[Result "0-1"]
[WhiteElo "1816"]
[BlackElo "1815"]
[TimeControl "2700+45"]

1. e4 e5 2. Nf3 Nf6 3. Nc3 Bb4 4. Bc4 Nc6 5. d3 d6 6. O-O Bxc3 7. bxc3 Bg4 8. Bg5 O-O 9. Rb1 Na5 10. Bb3 Nxb3 11. Rxb3 Rb8 12. d4 h6 13. Bxf6 Qxf6 14. d5 Qg6 15. Qd3 f5 16. Nd2 f4 17. f3 Bh3 18. Qe2 h5 19. Kh1 Bd7 20. Qc4 Rfc8 21. Rfb1 b5 22. Qe2 Qf6 23. c4 a6 24. a4 b4 25. a5 g5 26. Rxb4 Rxb4 27. Rxb4 g4 28. Qf2 Qg5 29. g3 fxg3 30. hxg3 gxf3 31. Qxf3 Qxd2 32. Qxh5 Qe1+ 33. Kg2 Qxe4+ 34. Kg1 Qe1+ 35. Kg2 Qd2+ 36. Kg1 Qc1+   {White resigns} 0-1

[Event "Team 45 45 League T29"]
[Site "Free Internet Chess Server"]
[Date "2005.12.23"]
[Round "2"]
[White "sonareclipse"]
[Black "HotDonut"]
[Result "0-1"]
[WhiteElo "2002"]
[BlackElo "1947"]
[TimeControl "2700+45"]

1. d4 Nf6 2. Nf3 e6 3. c4 d5 4. Nc3 Be7 5. Bf4 O-O 6. e3 c5 7. Qc2 cxd4 8. exd4 Nc6 9. O-O-O a6 10. a3 Bd7 11. Be2 dxc4 12. d5 Nxd5 13. Nxd5 exd5 14. Rxd5 Qc8 15. Bxc4 Be6 16. Ng5 Bxg5 17. Rxg5 Nd4 18. Be5 f6 19. Bxd4 fxg5 20. Bc5 Bxc4 21. Qxc4+ Kh8 22. Qc3 Rf5 23. Bd4 Qxc3+ 24. bxc3 Re8 25. h4 g4 26. h5 h6 27. Rh4 Rf4 28. f3 Re2 29. Rh1 Rxg2 30. fxg4 Rgxg4 31. Re1 Rg2 32. Rh1 Rf5 33. Kb1 Ra5 34. Re1 Rxa3 35. Re7 Raa2 36. Rxb7 Rae2 37. Ka1 Re1+ 38. Rb1 Rxb1+ 39. Kxb1 Rg5 40. Kc2 Rxh5 41. c4 Kg8 42. c5 Rd5 43. Kc3 Kf7 44. c6 Ke6 45. Kc4 Rxd4+   {White resigns} 0-1

[Event "Team 45 45 League T29"]
[Site "Free Internet Chess Server"]
[Date "2005.12.23"]
[Round "2"]
[White "Nemisis"]
[Black "maeck"]
[Result "0-1"]
[WhiteElo "1869"]
[BlackElo "1941"]
[TimeControl "2700+45"]

1. e4 c5 2. Nf3 Nc6 3. d4 cxd4 4. Nxd4 Nf6 5. Nc3 e6 6. a3 d5 7. exd5 Nxd5 8. Nxc6 bxc6 9. Bd2 Qh4 10. Qf3 Rb8 11. Rb1 Bd6 12. Ne4 Bf4 13. c4 Bxd2+ 14. Nxd2 Ne7 15. Ne4 O-O 16. Be2 Nf5 17. O-O Nd4 18. Qe3 e5 19. Nd6 Be6 20. Qxe5 Qf4   {White resigns} 0-1

[Event "Team 45 45 League T29"]
[Site "Free Internet Chess Server"]
[Date "2005.12.28"]
[Round "2"]
[White "Thalagor"]
[Black "lodda"]
[Result "1/2-1/2"]
[WhiteElo "1888"]
[BlackElo "1970"]
[TimeControl "2700+45"]

1. e4 d6 2. d4 g6 3. Nc3 Bg7 4. f4 Nf6 5. Nf3 O-O 6. Bd3 Nbd7 7. e5 Ne8 8. h4 c5 9. e6 fxe6 10. h5 cxd4 11. Ne4 Nc5 12. Nxc5 dxc5 13. hxg6 h6 14. Ne5 Nf6 15. g4 Qd5 16. Rh2 b5 17. Bxb5 Qe4+ 18. Qe2 Qxe2+ 19. Kxe2 Nd5 20. Nf7 Rb8 21. Bc6 Ba6+ 22. Kf3 Rb6 23. Bxd5 exd5 24. f5 Rxf7 25. gxf7+ Kxf7 26. Bf4 d3 27. cxd3 Bxd3 28. Re1 Be4+ 29. Kg3 Rxb2 30. Rxb2 Bxb2 31. Bxh6   {Game drawn by mutual agreement} 1/2-1/2

[Event "Team 45 45 League T29"]
[Site "Free Internet Chess Server"]
[Date "2005.12.26"]
[Round "2"]
[White "aacevedo"]
[Black "JBFelo"]
[Result "1-0"]
[WhiteElo "2057"]
[BlackElo "2003"]
[TimeControl "2700+45"]

1. d4 Nf6 2. c4 e6 3. Nf3 c5 4. d5 exd5 5. cxd5 d6 6. Nc3 g6 7. Bf4 Bg7 8. Qa4+ Bd7 9. Qb3 Qc7 10. e4 O-O 11. Be2 Re8 12. Nd2 a6 13. a4 Bg4 14. f3 Bc8 15. Nc4 Bf8 16. Qb6 Qxb6 17. Nxb6 Ra7 18. a5 Nbd7 19. Nca4 Nxb6 20. Nxb6 Nd7 21. Nc4 Ne5 22. Bxe5 dxe5 23. Nb6 Bd6 24. Rc1 f5 25. b4 cxb4 26. Rxc8   {Black resigns} 1-0

[Event "Team 45 45 League T29"]
[Site "Free Internet Chess Server"]
[Date "2005.12.23"]
[Round "2"]
[White "rudini"]
[Black "gracey"]
[Result "0-1"]
[WhiteElo "1911"]
[BlackElo "2062"]
[TimeControl "2700+45"]

1. e4 e5 2. Nf3 Nc6 3. Bc4 Nf6 4. Nc3 Be7 5. d3 d6 6. h3 Na5 7. Bb3 Nxb3 8. axb3 c5 9. Bg5 Be6 10. O-O O-O 11. Qe2 Qd7 12. Nd2 Rfd8 13. f4 exf4 14. Bxf4 d5 15. e5 Ne8 16. Qf3 a5 17. Na4 Ra6 18. Nc3 b5 19. Ne2 h6 20. c3 d4 21. c4 a4 22. Ne4 Rb6 23. Qg3 bxc4 24. Bxh6 cxd3 25. Nf4 Bxb3 26. Bg5 c4 27. e6 Rxe6 28. Nxe6 Qxe6 29. Rae1 Bxg5 30. Qxg5 Qb6 31. Rf5 c3 32. Rb5 d2 33. Rf1 Qa6 34. Rxb3 Qxf1+ 35. Kh2 d1=Q 36. Qxd8 Qh1+ 37. Kg3 Qd3+ 38. Kf4 Qhf1+ 39. Ke5 f6+ 40. Kd5 Qc4#   {White checkmated} 0-1

[Event "Team 45 45 League T29"]
[Site "Free Internet Chess Server"]
[Date "PST.01.0"]
[Round "2"]
[White "jjgsmm"]
[Black "RomaLavrn"]
[Result "0-1"]
[WhiteElo "1659"]
[BlackElo "1869"]
[TimeControl "2700+45"]

1. e4 c5 2. Nf3 d6 3. d4 cxd4 4. Nxd4 Nf6 5. Nc3 e6 6. Be3 a6 7. f3 Be7 8. Qd2 Bd7 9. g4 Nc6 10. Nxc6 Bxc6 11. g5 Nd7 12. Be2 b5 13. a3 O-O 14. h4 Ne5 15. h5 d5 16. f4 Nc4 17. Bxc4 dxc4 18. O-O-O b4 19. Qxd8 Rfxd8 20. axb4 Bxb4 21. Na2 Ba5 22. Bd4 Bxe4 23. Rh2 Bf3 24. Rf1 Rxd4 25. Rxf3 Bc7 26. Rhf2 Rad8 27. Nc3 Ba5 28. Rf1 Kf8 29. Na4 Rd2 30. R3f2 Ke7 31. c3 Rxf2 32. Rxf2 Rd5 33. Kc2 Bc7 34. b3 cxb3+ 35. Kxb3 Rf5 36. c4 Rxf4 37. Rxf4 Bxf4 38. g6 hxg6 39. hxg6 fxg6   {White resigns} 0-1

[Event "Team 45 45 League T29"]
[Site "Free Internet Chess Server"]
[Date "2005.12.26"]
[Round "2"]
[White "noHz"]
[Black "Vzevolodovitch"]
[Result "1-0"]
[WhiteElo "1884"]
[BlackElo "1753"]
[TimeControl "2700+45"]

1. e4 Nf6 2. e5 Nd5 3. c4 Nb6 4. d4 d6 5. exd6 exd6 6. Nc3 Be7 7. Be3 Nc6 8. Rc1 Bf5 9. h3 O-O 10. Nf3 Bf6 11. Be2 Re8 12. O-O Ne7 13. Re1 Nd7 14. g4 Bg6 15. g5 Nf5 16. gxf6 Nxe3 17. fxe3 Nxf6 18. Bd3 Bh5 19. Kg2 Qd7 20. Rc2 g5 21. Nd5 Nxd5 22. cxd5 g4 23. hxg4 Bxg4 24. Kf2 h5 25. Rg1 Kh8 26. Be2 Rg8 27. Rc1 Qe7 28. Rh1 Rae8 29. Qd2 Qe4 30. Rxc7 Qxd5 31. e4 Rxe4 32. Qh6#   {Black checkmated} 1-0

[Event "Team 45 45 League T29"]
[Site "Free Internet Chess Server"]
[Date "PST.01.0"]
[Round "2"]
[White "twotowers"]
[Black "zcomcon"]
[Result "1-0"]
[WhiteElo "1642"]
[BlackElo "1732"]
[TimeControl "2700+45"]

1. Nf3 Nf6 2. g3 b6 3. Bg2 Bb7 4. O-O c5 5. d3 e6 6. Nbd2 Be7 7. e4 d6 8. Re1 Nbd7 9. Nf1 Qc7 10. Nh4 a6 11. f4 O-O 12. h3 Rfe8 13. g4 h6 14. Nh2 Nxe4 15. N2f3 Nef6 16. g5 hxg5 17. fxg5 Nh7 18. g6 Nhf8 19. gxf7+ Kxf7 20. Ng5+ Bxg5 21. Bxg5 Bxg2 22. Kxg2 Nf6 23. Rf1 Nh7 24. Qh5+ Kg8 25. Bxf6 Nxf6 26. Qg6 Qf7 27. Qg3 e5 28. Nf5 Kf8 29. Nxd6 Qd5+ 30. Ne4 Kg8 31. Rxf6 Rf8 32. Kh2 Rf7 33. Raf1 Raf8 34. Rxf7 Rxf7 35. Nf6+ Rxf6 36. Rxf6 e4 37. dxe4 Qxe4 38. Rxb6 Qxc2+ 39. Qg2 Qc4 40. b3 Qf4+ 41. Kh1 Qc1+ 42. Qg1 Qf4 43. Rxa6 Qe4+ 44. Qg2 Qe1+ 45. Kh2 Qe5+ 46. Kg1 Qe1+ 47. Qf1 Qe3+ 48. Qf2 Qxh3 49. Ra8+   {Black resigns} 1-0